 Dungeon Crawl Stone Soup version 0.30.1-9-gdf580d7c3d (webtiles) character file.

Game seed: 15897030026341341165

58 js3 the Conjurer (level 3, 0/19 HPs)
             Began as a Deep Elf Conjurer on Oct 10, 2023.
             Shot with an arrow by a centaur (12 damage)
             ... on level 4 of the Dungeon.
             The game lasted 00:02:06 (2656 turns).

js3 the Conjurer (Deep Elf Conjurer)                Turns: 2656, Time: 00:02:06

Health: 0/19       AC:  2    Str:  4    XL:     3   Next: 76%
Magic:  5/9        EV: 12    Int: 24    God:
Gold:   233        SH:  0    Dex: 13    Spells: 5/8 levels left

rFire   + . .        (no weapon)
rCold   x . .        (no shield)
rNeg    . . .        a - +0 robe
rPois   .            (no helmet)
rElec   .            (no cloak)
rCorr   .            (no gloves)
SInv    .            (no boots)
Will    .....        c - amulet of the acrobat
Stlth   ++           g - ring of fire
HPRegen 0.23/turn    (no ring)
MPRegen 0.11/turn

%: acrobat
@: no status effects
A: no striking features
a: no special abilities


You were on level 4 of the Dungeon.
You visited 1 branch of the dungeon, and saw 4 of its levels.

You collected 233 gold pieces.

Inventory:

Armour
 a - a +0 robe (worn)
Jewellery
 c - an amulet of the acrobat (around neck)
 g - a ring of fire (left hand)
Scrolls
 d - a scroll of fog
 e - a scroll of teleportation
 f - 2 scrolls of fear
 h - a scroll of noise
Potions
 b - a potion of magic
 i - a potion of brilliance {unknown}
 j - a potion of degeneration {unknown}
 k - 2 potions of lignification


   Skills:
 + Level 2.8 Dodging
 + Level 2.6 Stealth
 + Level 3.4 Spellcasting
 + Level 5.5 Conjurations


You had 5 spell levels left.
You knew the following spells:

 Your Spells              Type           Power      Damage    Failure   Level
a - Magic Dart            Conj           100%       1d8       1%          1
b - Searing Ray           Conj           62%        2d6       1%          2

Your spell library contained the following spells:

 Spells                   Type           Power      Damage    Failure   Level
 Dazzling Flash           Conj/Hex       34%        N/A       10%         3
 Ensorcelled Hibernation  Hex/Ice        8%         N/A       16%         2
 Spider Form              Tmut/Pois      4%         N/A       30%         3
 Fulminant Prism          Conj/Hex       8%         3d7       32%         4
 Iskenderun's Mystic Bla  Conj/Tloc      17%        2d5       32%         4
 Anguish                  Hex/Necr       2%         N/A       71%         4


Dungeon Overview and Level Annotations

Branches:
Dungeon (4/15)
 Temple: D:4-7

Altars:

Shops:
D:4 [


Message History

You can't see any susceptible monsters within range! (Use Z to cast anyway.) Done exploring.
You can't see any susceptible monsters within range! (Use Z to cast anyway.) Done exploring.
Done exploring.
There is a stone staircase leading down here.
Done exploring.
As you read the scroll of identify, it crumbles to dust.
d - a scroll of fog
As you read the scroll of identify, it crumbles to dust.
k - 2 potions of lignification You climb downwards.
Found 16 gold pieces.
There is a stone staircase leading up here.
Found an escape hatch in the ceiling.
You now have 233 gold pieces (gained 16).
A kobold comes into view. It is wielding a +0 dagger.
The kobold moves out of view.
You open the door.
A centaur comes into view.
Found Udusazo's Armour Boutique.
The magic dart hits the centaur.
The centaur is lightly wounded.
The centaur shouts!
The centaur wields a +0 shortbow.
The centaur shoots an arrow.
The arrow hits you!
A centaur is nearby!
The magic dart hits the centaur.
The centaur is moderately wounded.
The centaur shoots an arrow.
The arrow closely misses you.
A centaur is nearby!
The magic dart hits the centaur but does no damage.
The centaur is moderately wounded.
The centaur shoots an arrow.
The arrow closely misses you.
A centaur is nearby!
The magic dart hits the centaur but does no damage.
The centaur is moderately wounded.
The centaur shoots an arrow.
The arrow hits you!
Ouch! That really hurt!
You die...

#+### ## #+#. #.#..
.# ###... ##.#.# .#
#....c +..#.# .#
#..∩.
#..<#####.###.#
+....
#...##..<.....#
...###...##.##.#####
#'#...#.......#
###.@........####
#.##....######
#.####..# #.......#
#######.# #.# #.#
#.# ...


You could see a centaur.

Vanquished Creatures
  A worm (D:3)
  4 orcs (D:3)
  7 ball pythons
  A bat (D:2)
  2 endoplasms
  2 giant cockroaches (D:1)
  5 hobgoblins
  6 kobolds
  3 quokkas (D:1)
  3 frilled lizards
  5 goblins
  8 rats
47 creatures vanquished.

Notes
Turn   | Place    | Note
-------+----------+-------------------------------------------
     0 | D:1      | js3 the Deep Elf Conjurer began the quest for the Orb.
     0 | D:1      | Reached XP level 1. HP: 10/10 MP: 6/6
   285 | D:1      | Reached XP level 2. HP: 15/15 MP: 6/8
   449 | D:1      | Reached skill level 5 in Conjurations
  1021 | D:2      | Reached XP level 3. HP: 19/19 MP: 5/9
  1402 | D:2      | Found a faded altar of an unknown god.
  1851 | D:3      | Learned a level 2 spell: Searing Ray
  2652 | D:4      | Found Udusazo's Armour Boutique.
  2652 | D:4      | Noticed a centaur
  2656 | D:4      | Shot with an arrow by a centaur

Illustrated notes

Levels and vault maps discovered:
D:1:      roderic_crop_circles_arrival_small, layout_basic, serial_curves,
          eino_curves_01, eino_curves_01
D:2:      layout_rooms, shapermc_ecumenical_altar_totnotflames
D:3:      layout_basic, serial_bayou, serial_bayou_lagoon_a,
          serial_bayou_pond_e, serial_bayou_pond_a, serial_bayou_lake_a,
          serial_bayou_pond_a, kennysheep_pointless_box, serial_park_tiny_pond
D:4:      layout_loops_corners, serial_shops, nicolae_shop_rolling_square,
          amcnicky_mini_rare_corridor_liquid, minmay_hedge_maze

Skill      XL: |  1  2 |
---------------+-------+-----
Conjurations   | 5 |  5.5
Dodging        | |  2.8
Stealth        | |  2.6
Spellcasting   | |  3.4

Action                     || total
---------------------------++-------
  Melee: Unarmed           ||    12
   Cast: Magic Dart        ||    91
    Use: Scroll            ||     5
 Armour: Robe              ||     4
  Dodge: Dodged            ||     5
